 Dungeon Crawl Stone Soup version 0.19.1 (webtiles) character file.

45037 Ice the Impaler (level 13, -2/110 HPs)
             Began as a Minotaur Berserker on Dec 6, 2016.
             Was a High Priest of Trog.
             Slain by a frost giant
             ... wielding a +0 battleaxe of freezing
              (8 damage)
             ... in an ice cave on Dec 7, 2016.
             The game lasted 01:43:34 (14368 turns).

Ice the Impaler (Minotaur Berserker)               Turns: 14368, Time: 01:43:37

Health: -2/110     AC: 22    Str: 22    XL:     13   Next: 99%
Magic:  0/4        EV: 19    Int:  4    God:    Trog [*****.]
Gold:   402        SH:  0    Dex: 20    Spells: 0 memorised, 12 levels left

rFire  + . .     SeeInvis .     o - +5 glaive (antimagic)
rCold  . . .     Gourm    .     y - +4 chain mail {rF+}
rNeg   . . .     Faith    .     (shield currently unavailable)
rPois  .         Spirit   +     (helmet restricted)
rElec  .         Reflect  .     i - +1 cloak
rCorr  .         Harm     .     Q - +1 pair of gloves
MR     .....                    h - +2 pair of boots
Stlth  +.........               z - amulet of guardian spirit
                                (no ring)
                                (no ring)

@: agile
A: retaliatory headbutt, horns 2
a: Berserk, Trog's Hand, Brothers in Arms, Burn Spellbooks, Renounce Religion


You were in an ice cave.
You worshipped Trog.
Trog was extremely pleased with you.
You were not hungry.

You visited 3 branches of the dungeon, and saw 16 of its levels.
You also visited: Ossuary, Ice Cave and Volcano.

You collected 992 gold pieces.
You spent 590 gold pieces at shops.

Inventory:

Hand Weapons
 o - a +5 antimagic glaive (weapon)
 E - a +2 dagger of venom
 V - a +3 blowgun
 Y - a +1 fustibalus of flaming
 Z - a +2 longbow of flaming
Missiles
 e - 320 stones
 g - 4 needles of paralysis
 j - 4 tomahawks
 q - 32 sling bullets
 r - 280 arrows
 N - 2 javelins (quivered)
 R - 4 curare-tipped needles
 S - 12 poisoned needles
Armour
 h - a +2 pair of boots (worn)
 i - a +1 cloak (worn)
 y - a +4 chain mail of fire resistance (worn)
 Q - a +1 pair of gloves (worn)
Jewellery
 z - an amulet of guardian spirit (around neck)
Wands
 k - a wand of iceblast (9/15)
 p - a wand of confusion (28/48)
 B - a wand of iceblast (7/15)
 F - a wand of slowing (28/48)
 G - a wand of polymorph (11/24)
 L - a wand of lightning (6/15)
 O - a wand of confusion (25/48)
 P - a wand of iceblast (8/15)
 T - a wand of acid (8/15)
 U - a wand of slowing (35/48)
 X - a wand of disintegration (24/24)
Scrolls
 n - 2 scrolls of fear
 t - 9 scrolls of teleportation
 v - 2 scrolls of magic mapping
 x - 5 scrolls of remove curse
 A - a scroll of fog {unknown}
 H - 2 scrolls of blinking
 I - a scroll of vulnerability {unknown}
 J - a scroll of immolation {unknown}
 K - 2 scrolls of silence
Potions
 a - 2 potions of heal wounds
 b - 13 potions of agility
 f - 3 potions of haste
 m - 2 potions of berserk rage
 u - a potion of ambrosia {unknown}
 w - 2 potions of curing
 C - 2 potions of flight
 D - a potion of magic {unknown}
 M - a potion of might {unknown}
 W - 2 potions of beneficial mutation {unknown}
Comestibles
 c - 10 bread rations
 d - 31 fruits
 s - 4 meat rations


   Skills:
 - Level 8.8 Fighting
   Level 3.6(13.0) Axes
 + Level 18.5(19.1) Polearms
   Level 8.1(14.4) Staves
 - Level 10.2 Throwing
 - Level 7.6 Armour
 - Level 9.1 Dodging
 - Level 5.0 Stealth


You had 12 spell levels left.
You didn't know any spells.

Dungeon Overview and Level Annotations

Branches:
Dungeon (11/15)            Temple (0/1) D:7            Lair (4/6) D:11
  Swamp (0/4) Lair:4       Spider (1/4) Lair:4
    Orc: D:9-12

Altars:
Elyvilon
Hepliaklqana
Kikubaaqudgha
Makhleb
Okawaru
Ru
Sif Muna
Trog
Uskayaw
Yredelemnul

Shops:
D:9 ?

Annotations:
D:6 1 runed door


Innate Abilities, Weirdness & Mutations

You reflexively headbutt those who attack you in melee.
You have a pair of horns on your head.


Message History

The frost giant is heavily wounded.
The frost giant hits you with a battleaxe of freezing!!
The frost giant freezes you!
You completely miss the frost giant. You headbutt the frost giant!
The frost giant is heavily wounded.
You feel better.
The frost giant hits you with a battleaxe of freezing!!
* * * LOW HITPOINT WARNING * * *
The frost giant freezes you.
* * * LOW HITPOINT WARNING * * *
You feel better.
The frost giant hits you but does no damage.
You hit the frost giant.
The frost giant's magic leaks into the air.
You headbutt the frost giant.
The frost giant is heavily wounded.
The frost giant hits you with a battleaxe of freezing!!
* * * LOW HITPOINT WARNING * * *
The frost giant freezes you!
You die...

##..## ##..#
##.# #..#####
#..# ##.#
#.###..####.##
##..#
#..###⌠.#
#..###..##
##.##...#
##..#...#
#...#..#
#.....##
##..#.##
##....#
#####.##
##..## ##.##@#
#..# #C.#C##
#.####
#...Y.h#Y##
##.#/##
}$#...Y#.#
##/#.#
#.YY#### ##.##
##.# ### ##


You could see a frost giant and a yak.

Vanquished Creatures
  A centaur warrior (Volcano)
  A catoblepas (Lair:3)
  The ghost of Spathi the Cleaver, a journeyman GrBe of Trog (D:10)
  3 death yaks (IceCv)
  A hell knight (Volcano)
  An unseen horror (D:11)
  A hill giant (D:10)
  An oklob plant (Lair:2)
  A cyclops (D:11)
  An ice statue (IceCv)
  4 black mambas
  Psyche (D:9)
  4 komodo dragons
  A rime drake (Lair:4)
  7 spiny frogs
  A demonic crawler (Lair:4)
  A yaktaur (Volcano)
  A troll (D:10)
  8 polar bears (IceCv)
  A hornet (Lair:3)
  4 blink frogs (Lair:3)
  7 dream sheep (Lair:4)
  5 hippogriffs
  Sigmund (D:2)
  A spriggan (Lair:3)
  46 yaks
  4 wyverns
  A hungry ghost (D:11)
  Grum (Lair:1)
  A mottled dragon (D:10)
  4 water moccasins
  6 porcupines
  3 orc warriors
  2 black bears
  3 ice beasts
  3 sky beasts
  8 ogres
  A phantom (D:8)
  31 wolves
  9 centaurs
  9 crocodiles
  15 bullfrogs
  2 big kobolds
  A wyvern zombie (D:11)
  3 scorpions
  3 vampire bats (D:5)
  7 howler monkeys
  4 crimson imps
  A bullfrog zombie (D:7)
  6 hounds
  A jelly (D:11)
  A centaur zombie (D:8)
  6 orc priests
  17 orc wizards
  2 bullfrog skeletons
  A centaur skeleton (D:6)
  Jessica (D:2)
  5 iguanas
  6 worker ants
  2 hound zombies
  2 hound skeletons (D:4)
  8 mummies (Ossuary)
  A worker ant zombie (D:5)
  11 adders
  3 gnolls (D:6)
  A shadow imp (D:6)
  3 oozes
  2 adder zombies
  An adder skeleton (D:4)
  3 worms
  A dart slug (D:2)
  10 leopard geckos
  36 orcs
  3 bat skeletons (D:5)
  A bat zombie (D:5)
  12 giant cockroaches
  3 gnoll zombies
  A goblin (D:1)
  5 hobgoblins
  11 jackals
  11 kobolds
  5 quokkas
  2 ball pythons
  A bat (D:3)
  5 frilled lizards
  A hobgoblin zombie (Ossuary)
  A jackal zombie (D:6)
  2 kobold zombies (Ossuary)
  A leopard gecko skeleton (D:8)
  4 orc zombies (Ossuary)
  A quokka skeleton (D:4)
  6 rats
433 creatures vanquished.

Vanquished Creatures (others)
  A rat (D:2)
  A bush (Lair:3)
  4 fungi
  8 plants
14 creatures vanquished.

Grand Total: 447 creatures vanquished

Notes
Turn   | Place    | Note
-------+----------+-------------------------------------------
     0 | D:1      | Ice the Minotaur Berserker began the quest for the Orb.
     0 | D:1      | Reached XP level 1. HP: 19/19 MP: 0/0
   270 | D:1      | Reached XP level 2. HP: 26/26 MP: 1/1
   632 | D:2      | Reached XP level 3. HP: 22/31 MP: 2/2
   748 | D:2      | Found a burning altar of Makhleb.
   764 | D:2      | Noticed a blizzard demon
   767 | D:2      | Noticed a hellwing
   767 | D:2      | Noticed a hellwing
   797 | D:2      | Reached ** piety under Trog
   869 | D:2      | Noticed Sigmund
   877 | D:2      | Killed Sigmund
   877 | D:2      | Reached XP level 4. HP: 39/39 MP: 3/3
   877 | D:2      | Reached XP level 5. HP: 45/45 MP: 4/4
   917 | D:2      | Found a deep blue altar of Sif Muna.
   969 | D:2      | Found a white marble altar of Elyvilon.
  1229 | D:2      | Noticed Jessica
  1235 | D:2      | Killed Jessica
  1545 | D:3      | Reached XP level 6. HP: 42/53 MP: 5/5
  1734 | D:3      | Reached skill level 5 in Fighting
  2172 | D:3      | Reached skill level 1 in Stealth
  2221 | D:4      | Reached *** piety under Trog
  2390 | D:4      | Reached XP level 7. HP: 30/61 MP: 3/6
  3040 | D:5      | Entered Level 5 of the Dungeon
  3153 | D:5      | Found an ancient bone altar of Kikubaaqudgha.
  3157 | D:5      | Reached skill level 5 in Stealth
  3162 | D:5      | Reached skill level 1 in Polearms
  3268 | D:5      | Reached skill level 2 in Polearms
  3486 | D:5      | Reached skill level 3 in Polearms
  3649 | D:5      | Reached skill level 4 in Polearms
  3649 | D:5      | Reached XP level 8. HP: 63/68 MP: 4/7
  3789 | D:5      | Reached skill level 5 in Polearms
  4070 | D:6      | Reached **** piety under Trog
  4155 | D:6      | Reached skill level 6 in Polearms
  4204 | D:6      | Found a bloodstained altar of Trog.
  4255 | D:6      | Reached skill level 7 in Polearms
  4301 | D:6      | Found a sand-covered staircase.
  4321 | Ossuary  | Entered an ossuary
  4428 | Ossuary  | Reached skill level 8 in Polearms
  4617 | D:6      | Reached skill level 1 in Staves
  5184 | D:6      | Found a runed door.
  5233 | D:7      | Noticed a hippogriff
  5244 | D:7      | Killed a hippogriff
  5244 | D:7      | Reached XP level 9. HP: 68/74 MP: 6/8
  5319 | D:7      | Got a colourful robe
  5331 | D:7      | Identified the +0 robe "Luqugan" {Dex+2} (You found it on level 7 of the Dungeon)
  5364 | D:7      | Found an iron altar of Okawaru.
  5401 | D:7      | Reached skill level 9 in Polearms
  5591 | D:7      | Found a sacrificial altar of Ru.
  5601 | D:7      | Found a staircase to the Ecumenical Temple.
  6127 | D:8      | Found a basalt altar of Yredelemnul.
  6252 | D:8      | Found a hazy altar of Hepliaklqana.
  6275 | D:8      | Reached ***** piety under Trog
  6297 | D:8      | Reached skill level 1 in Throwing
  6726 | D:8      | Reached skill level 5 in Throwing
  6990 | D:8      | Found a hide-covered altar of Uskayaw.
  7316 | D:9      | Found Neleyhai's Magic Scroll Boutique.
  7324 | D:9      | Bought a scroll of identify for 30 gold pieces
  7324 | D:9      | Bought a scroll of identify for 30 gold pieces
  7324 | D:9      | Bought a scroll of identify for 30 gold pieces
  7324 | D:9      | Bought a scroll of recharging for 142 gold pieces
  7324 | D:9      | Bought a scroll of amnesia for 52 gold pieces
  7324 | D:9      | Bought a scroll of identify for 30 gold pieces
  7324 | D:9      | Bought a scroll of blinking for 112 gold pieces
  7328 | D:9      | Reached XP level 10. HP: 74/90 MP: 9/9
  7329 | D:9      | Reached XP level 11. HP: 78/95 MP: 10/10
  7331 | D:9      | Bought a scroll of fear for 52 gold pieces
  7331 | D:9      | Bought a scroll of enchant weapon for 112 gold pieces
  7452 | D:9      | Received a gift from Trog
  7731 | D:9      | Noticed Psyche
  7741 | D:9      | Killed Psyche
  7741 | D:9      | Reached XP level 12. HP: 64/103 MP: 0/11
  7935 | D:10     | Entered Level 10 of the Dungeon
  8015 | D:10     | Noticed Spathi's ghost (journeyman GrBe)
  8034 | D:10     | Killed Spathi's ghost
  8034 | D:10     | Reached skill level 10 in Throwing
  8040 | D:10     | Reached skill level 10 in Polearms
  8753 | D:11     | Reached skill level 11 in Polearms
  8757 | D:11     | Received a gift from Trog
  9132 | D:11     | Reached skill level 12 in Polearms
  9169 | D:11     | Found a staircase to the Lair.
  9206 | Lair:1   | Entered Level 1 of the Lair of Beasts
  9322 | Lair:1   | Noticed Grum
  9351 | Lair:1   | Killed Grum
  9660 | Lair:1   | Reached skill level 13 in Polearms
 10513 | Lair:2   | Reached skill level 14 in Polearms
 11628 | Lair:3   | Reached XP level 13. HP: 107/108 MP: 4/12
 11674 | Lair:3   | Received a gift from Trog
 11736 | Lair:3   | Reached skill level 15 in Polearms
 11870 | Lair:3   | Received a gift from Trog
 12048 | Lair:3   | Found a dark tunnel.
 12061 | Volcano  | Entered a volcano
 12129 | Volcano  | Reached skill level 16 in Polearms
 13068 | Lair:4   | Found a staircase to the Swamp.
 13184 | Lair:4   | Found a hole to the Spider Nest.
 13329 | Spider:1 | Entered Level 1 of the Spider Nest
 13414 | Lair:4   | Reached skill level 17 in Polearms
 13524 | Lair:4   | Found a frozen archway.
 13724 | IceCv    | Entered an ice cave
 13856 | IceCv    | Received a gift from Trog
 14022 | IceCv    | Reached skill level 18 in Polearms
 14340 | IceCv    | Noticed a frost giant
 14368 | IceCv    | Slain by a frost giant

Skill      XL: |  1  2  3  4  5  6  7  8  9 10 11 12 13 |
---------------+----------------------------------------+-----
Dodging        | 3 6 9 |  9.1
Fighting       | 4 5 8 |  8.8
Stealth        | 3 5 |  5.0
Polearms       | 4 8 9 14 18 | 18.5
Staves         | 4 8 |  8.1
Throwing       | 6 8 9 10 | 10.2
Armour         | 7 |  7.6
Axes           | |  3.6

Action                   |  1- 3 |  4- 6 |  7- 9 | 10-12 | 13-15 || total
-------------------------+-------+-------+-------+-------+-------++-------
Melee: Hand axe          |     7 |       |       |       |       ||     7
       Headbutt          |     7 |    10 |    77 |    79 |    84 ||   257
       Mace              |    39 |       |       |       |       ||    39
       Scythe            |       |    98 |   299 |       |       ||   397
       Staff             |       |       |    64 |       |       ||    64
       Lajatang          |       |       |     8 |    10 |       ||    18
       Dagger            |       |       |     3 |       |       ||     3
       Halberd           |       |       |       |   352 |    55 ||   407
       Quarterstaff      |       |       |       |     9 |       ||     9
       Glaive            |       |       |       |       |   306 ||   306
 Fire: Blowgun           |       |       |    16 |    99 |    53 ||   168
       Shortbow          |       |       |    14 |    57 |       ||    71
       Hunting sling     |       |       |       |     2 |       ||     2
       Fustibalus        |       |       |       |       |    20 ||    20
       Longbow           |       |       |       |       |     4 ||     4
Throw: Stone             |    46 |    46 |   112 |       |       ||   204
       Javelin           |       |    27 |    29 |     4 |     7 ||    67
Invok: Berserk           |     1 |       |     2 |     1 |     2 ||     6
  Use: Scroll            |     3 |     1 |    17 |     6 |     9 ||    36
       Potion            |       |       |     2 |     3 |    11 ||    16
  Eat: Chunk             |       |     6 |    18 |     3 |     8 ||    35
       Beef jerky        |       |       |     1 |     3 |       ||     4
       Fruit             |       |       |       |     3 |     1 ||     4
       Royal jelly       |       |       |       |     2 |       ||     2
       Pizza             |       |       |       |     1 |       ||     1
Armor: Robe              |     7 |       |       |       |       ||     7
       Scale mail        |    13 |    43 |     3 |       |       ||    59
       Chain mail        |       |       |   237 |   159 |   191 ||   587
Dodge: Dodged            |    41 |    72 |   206 |   170 |   189 ||   678
